 Dungeon Crawl Stone Soup version 0.17-a0-1951-g62301d3 (webtiles) character file.

2782 Roadrunner the Grappler (level 9, -8/84 HPs)
             Began as a Troll Warper on Oct 2, 2015.
             Was a Follower of Cheibriados.
             Mangled by an orc warrior
             ... wielding a +0 scimitar
              (18 damage)
             ... on level 10 of the Dungeon.
             The game lasted 00:34:51 (2576 turns).

Roadrunner the Grappler (Troll Warper)              Turns: 2576, Time: 00:34:51

Health: -8/84      AC:  7    Str: 24    XL:     9   Next: 43%
Magic:  1/10       EV: 11    Int: 12    God:    Cheibriados [*.....]
Gold:   98         SH:  7    Dex: 15    Spells: 2 memorised, 7 levels left

rFire  . . .     SeeInvis .       - Unarmed
rCold  . . .     Clarity  .     a - +0 robe
rNeg   . . .     SustAt   .     L - +0 shield
rPois  .         Gourm    +     (helmet restricted)
rElec  .         Spirit   .     B - +1 cloak
rCorr  .         Warding  .     (gloves unavailable)
rMut   .         Rnd*Tele +     (boots unavailable)
MR     .....                    (no amulet)
Stlth  +.........               N - ring of wizardry
                                n - ring of teleportation (curse)

@: lethally poisoned (-8 -> -9), very slow, not resistant to hostile
enchantments, very unstealthy
A: unfitting armour, claws 3, fast metabolism 3, gourmand, regeneration 2,
shaggy fur 1, tough skin 2
a: Bend Time, Renounce Religion, Evoke Teleportation


You were on level 10 of the Dungeon.
You worshipped Cheibriados.
Cheibriados was aware of your devotion.
You were full.

You visited 2 branches of the dungeon, and saw 13 of its levels.

You collected 335 gold pieces.
You spent 237 gold pieces at shops.

Inventory:

Missiles
 d - 5 tomahawks of dispersal
 m - 5 tomahawks
 p - 4 javelins (quivered)
Armour
 a - a +0 robe (worn)
 B - a +1 cloak (worn)
 L - a +0 shield (worn)
Jewellery
 g - an uncursed ring of protection from cold
 n - a cursed ring of teleportation (left claw)
 r - a +3 ring of intelligence
 N - a ring of wizardry (right claw)
Magical devices
 h - a wand of polymorph (13)
 v - a wand of draining (4)
 F - a wand of disintegration (20)
 H - a wand of slowing (26)
 M - a wand of disintegration (14)
Scrolls
 c - a scroll of blinking
 k - 2 scrolls of enchant weapon
 l - 2 scrolls of remove curse {unknown}
 q - 2 scrolls of fog {unknown}
 s - 2 scrolls of amnesia {unknown}
 y - a scroll of enchant armour {unknown}
 z - a scroll of magic mapping {unknown}
 C - a scroll of teleportation {unknown}
 D - 2 scrolls of recharging
 K - a scroll of noise {unknown}
Potions
 i - 2 potions of curing
 j - 2 potions of magic
 o - 2 potions of brilliance {unknown}
 t - a potion of mutation {unknown}
 u - 3 potions of degeneration {unknown}
 w - a potion of flight
 x - a potion of agility
 A - a potion of cancellation {unknown}
 J - a potion of lignification {unknown}
Books
 b - a book of Spatial Translocations

   Spells                             Type                      Level
   a - Apportation                    Translocation                1
   b - Blink                          Translocation                2
   c - Shroud of Golubria             Charms/Translocation         2
   d - Portal Projectile              Translocation                3
   e - Teleport Other                 Translocation                3
   f - Passage of Golubria            Translocation                4
Comestibles
 e - 8 bread rations
 f - 3 fruits
 E - 2 royal jellies
 G - a slice of pizza
 I - a meat ration


   Skills:
 - Level 3.7 Fighting
 - Level 0.8 Throwing
 - Level 7.0 Dodging
 + Level 8.4 Unarmed Combat
 - Level 1.2 Spellcasting
 - Level 2.1 Translocations
 - Level 3.2 Evocations


You had 7 spell levels left.
You knew the following spells:

 Your Spells              Type           Power        Failure   Level  Hunger
a - Apportation           Tloc           #.........   47%         1    ##.....
B - Blink                 Tloc           N/A          67%         2    ###....


Dungeon Overview and Level Annotations

Branches:
Dungeon (12/15)            Temple (1/1) D:7
   Lair: D:8-11         Orc: D:9-12

Altars:
Ashenzari
Cheibriados
Dithmenos
Elyvilon
Fedhas
Gozag
Nemelex Xobeh
Qazlal
Ru
Sif Muna
Vehumet
Yredelemnul

Shops:
D:4 *(!   D:11 [

Annotations:
D:3 Grinder
D:6 Menkaure


Innate Abilities, Weirdness & Mutations

You are too large for most types of armour.
You have claws for hands.
Your metabolism is lightning-fast.
You like to eat raw meat.
You heal very quickly.
You are covered in fur (AC +1).
You have very tough skin (AC +2).


Message History

The flow of time bends around you.
Cheibriados rebukes the orc.
The orc seems to slow down.
The orc warrior resists with some effort.
You feel slightly less full.
You feel sick.
The orc warrior hits you with a scimitar!!
* * * LOW HITPOINT WARNING * * *
Drink which item? (? for menu, Esc to quit)
Okay, then.
Read which item? (? for menu, Esc to quit)
Okay, then.
Cast which spell? (? or * to list)
Okay, then.
Unknown command.
Unknown command.
You mangle the orc warrior!!
The orc warrior is almost dead.
You feel sick.
The orc warrior hits you with a scimitar!!
You die...

#......# #.
####.### ##
.. #. #
#####'# .. #
....... .. #
......( ####
#
...o...##.(.+
# ...o...#..#
#. #
.......#@##
#.####
.....o.oo#
#....#
.......###
#.. .......
### #####+# #
#######
#>..#.#
##+####


You could see an orc warrior and 2 orcs.

Vanquished Creatures
  6 yaks (D:10)
  A trapdoor spider (D:10)
  A phantom (D:10)
  A black bear (D:7)
  A necrophage (D:8)
  A centaur (D:6)
  2 ogres
  The ghost of graki42 the Sneak, an average OpAs of Okawaru (D:3)
  4 giant frogs
  2 scorpions
  3 killer bees (D:10)
  A crimson imp (D:6)
  A centaur zombie (D:6)
  An orc priest (D:6)
  4 hounds
  A wasp zombie (D:10)
  6 orc wizards
  7 worker ants
  A hound zombie (D:7)
  2 adders
  A shadow imp (D:7)
  An adder skeleton (D:6)
  2 giant geckos
  14 orcs
  2 bats (D:1)
  2 giant cockroaches
  3 hobgoblins (D:1)
  3 quokkas
  2 giant gecko skeletons (D:4)
  A giant newt (D:3)
  4 goblins
  7 jackals
  3 kobolds
  2 rats
94 creatures vanquished.

Notes
Turn   | Place    | Note
--------------------------------------------------------------
     0 | D:1      | Roadrunner the Troll Warper began the quest for the Orb.
     0 | D:1      | Reached XP level 1. HP: 19/19 MP: 1/1
   128 | D:2      | Found a white marble altar of Elyvilon.
   176 | D:1      | Reached XP level 2. HP: 25/27 MP: 2/2
   212 | D:1      | Reached skill level 3 in Unarmed Combat
   296 | D:2      | Found a shadowy altar of Dithmenos.
   353 | D:3      | Noticed graki42's ghost (average OpAs)
   369 | D:3      | Killed graki42's ghost
   369 | D:3      | Reached skill level 4 in Unarmed Combat
   369 | D:3      | Reached XP level 3. HP: 33/33 MP: 3/3
   369 | D:3      | Reached XP level 4. HP: 41/41 MP: 4/4
   466 | D:4      | Found Guag's Weapon Emporium.
   505 | D:3      | Noticed Grinder
   519 | D:4      | Found Zetas's Assorted Antiques.
   527 | D:5      | Entered Level 5 of the Dungeon
   549 | D:4      | Bought a scroll labeled WUUSTR BUKKEDE for 30 gold pieces
   549 | D:4      | Bought a glowing cyan potion for 27 gold pieces
   549 | D:4      | Bought a bubbling silvery potion for 27 gold pieces
   588 | D:5      | Found a blossoming altar of Fedhas.
   689 | D:4      | Found Xyerawuh's Distillery.
   697 | D:4      | Reached skill level 5 in Unarmed Combat
   709 | D:4      | Reached XP level 5. HP: 36/48 MP: 5/5
   726 | D:4      | Bought a potion of poison for 11 gold pieces
   726 | D:4      | Bought a potion of flight for 33 gold pieces
   726 | D:4      | Bought a potion of curing for 33 gold pieces
   784 | D:5      | Reached skill level 1 in Evocations
  1041 | D:4      | Noticed an ogre
  1049 | D:4      | Killed an ogre
  1049 | D:4      | Reached XP level 6. HP: 34/55 MP: 6/6
  1161 | D:6      | Noticed Menkaure
  1330 | D:6      | Reached skill level 6 in Unarmed Combat
  1330 | D:6      | Reached XP level 7. HP: 62/62 MP: 8/8
  1339 | D:6      | Found a radiant altar of Vehumet.
  1457 | D:6      | Reached skill level 7 in Unarmed Combat
  1675 | D:7      | Found a staircase to the Ecumenical Temple.
  1707 | Temple   | Entered the Ecumenical Temple
  1748 | Temple   | Became a worshipper of Cheibriados the Contemplative
  1813 | D:6      | Reached XP level 8. HP: 71/78 MP: 9/9
  1820 | D:6      | Learned a level 2 spell: Blink
  1941 | D:7      | Found an opulent altar of Gozag.
  2118 | D:10     | Entered Level 10 of the Dungeon
  2211 | D:10     | Reached skill level 5 in Dodging
  2232 | D:10     | Reached XP level 9. HP: 36/84 MP: 10/10
  2239 | D:10     | Acquired Cheibriados's first power
  2333 | D:11     | Found Moh Fopa's Armour Boutique.
  2339 | D:11     | Bought a +0 shield for 76 gold pieces
  2377 | D:12     | Noticed a six-headed hydra
  2559 | D:10     | Reached skill level 8 in Unarmed Combat
  2576 | D:10     | Mangled by an orc warrior

Vault maps used:
D:1:      scummos_arrival_star, minmay_box_of_dots
D:2:      bloody_makhleb, lemuel_round_altar, nicolae_overflow_crystal_walls,
          nicolae_dithmenos_through_a_glass_darkly
D:3:      uniq_grinder
D:4:      serial_shops, nicolae_shop_trees, nicolae_shop_waterfront, shop,
          first_bread
D:5:      okawaru_altar_gauntlet_db, fedhas_altar_2,
          lemuel_zombie_altar_kikubaaqudgha, portal_sewer_entry_e,
          kennysheep_cross_bottleneck
D:6:      nicolae_overflow_hidden_temple, mrwooster_statue_mirror, uniq_menkaure
D:7:      nicolae_whirlpool, grunt_gozag_statues, tgw_xom,
          minmay_temple_entry_junction, grunt_ministairs_14
D:8:      nicolae_tso_besieged_by_evil, uniq_prince_ribbit1
D:9:      kennysheep_little_box, david_orc_2
D:11:     lair_0_dummy, serial_shops, nicolae_shop_stone,
          hangedman_little_slice_of_home, minivault_16,
          kennysheep_generic_room_9
D:12:     serial_shops, shop, basic_altar, grunt_ministairs_14,
          kennysheep_nondescript
Temple:   circular_temple_pool_8

Action                   |  1- 3 |  4- 6 |  7- 9 || total
-------------------------+-------+-------+-------++-------
Melee: Unarmed           |    83 |    94 |   238 ||   415
Throw: Tomahawk          |       |     2 |       ||     2
       Javelin           |       |     3 |     9 ||    12
Invok: Bend Time         |       |       |     2 ||     2
 Abil: Evoke Teleportati |       |     1 |     4 ||     5
  Use: Scroll            |       |     4 |     3 ||     7
       Potion            |       |       |     4 ||     4
 Stab: Distracted        |       |     1 |       ||     1
       Sleeping          |       |     1 |       ||     1
       Invisible         |       |       |     5 ||     5
  Eat: Chunk             |     9 |     9 |    10 ||    28
